 Dungeon Sprint DCSS version 0.29.1-2-gbd0b4ee654 (webtiles) character file.

Game seed: 2981689451437664432

110 Zeld the Chopper (level 4, -3/44 HPs)
             Began as a Minotaur Berserker on Oct 24, 2022.
             Was a Follower of Trog.
             Slain by Sigmund
             ... wielding a +0 scythe
              (11 damage)
             ... in the Dungeon (Sprint I: "Red Sonja").
             The game lasted 00:01:06 (367 turns).

Zeld the Chopper (Minotaur Berserker)                Turns: 367, Time: 00:01:06

Health: -3/44      AC:  2    Str: 23    XL:     4   Next: 61%
Magic:  3/3        EV: 13    Int:  4    God:    Trog [*.....]
Gold:   54         SH:  0    Dex: 10    Spells: 3/3 levels left

rFire   . . .      SeeInvis .   a - +0 hand axe
rCold   . . .      Faith    .   (no shield)
rNeg    . . .      Spirit   .   b - +0 animal skin
rPois   .          Reflect  .   (helmet restricted)
rElec   .          Harm     .   (no cloak)
rCorr   .          Rampage  .   (no gloves)
Will    .....      NoTele   +   (no boots)
Stlth   +.........              (no amulet)
HPRegen 0.14/turn               (no ring)
MPRegen 0.08/turn               (no ring)

@: on berserk cooldown, slowed, very slow
A: horns 2, retaliatory headbutt
a: Renounce Religion, Berserk


You were in the Dungeon.
You worshipped Trog.
Trog was aware of your devotion.
You visited 1 branch You collected 54 gold pieces.

Inventory:

Hand Weapons
 a - a +0 hand axe (weapon)
Armour
 b - a +0 animal skin (worn)
Wands
 i - a wand of iceblast (5)
Scrolls
 h - a scroll of blinking
Potions
 e - a potion of haste
 f - 2 potions of magic
 g - a potion of berserk rage
 j - a potion of brilliance {unknown}


   Skills:
 + Level 6.1 Fighting
 * Level 7.9 Axes
 + Level 5.4 Armour
 + Level 4.9 Dodging


You had 3 spell levels left.
You didn't know any spells.
Your spell library was empty.

Dungeon Overview and Level Annotations

Branches:
Dungeon (1/1)

Altars:

Annotations:
D Sigmund


Innate Abilities, Weirdness & Mutations

You have a pair of horns on your head.
You reflexively headbutt those who attack you in melee.


Message History

Sigmund is moderately wounded.
Sigmund gestures wildly while chanting.
Sigmund flickers and vanishes!
Deactivating autopickup; reactivate with Ctrl-A.
You barely miss something. Your headbutt misses something.
You hear some strange, mumbled words.
A puff of flame appears from out of thin air!
The puff of flame hits you! Something barely misses you.
You bump into the stone wall.
You hear some strange, mumbled words.
Something tries to affect you, but you resist.
Okay, then.
Something hits you.
* * * LOW HITPOINT WARNING * * *
You bump into the rock wall.
You hear some strange, mumbled words.
Something tries to affect you, but you resist.
You bump into the rock wall.
Something hits you but does no damage. Something hits you.
* * * LOW HITPOINT WARNING * * *
You feel much better.
You feel less confused.
You hear some strange, mumbled words.
A magic dart appears from out of thin air!
The magic dart hits you.
You hear some strange, mumbled words.
Something tries to affect you, but you resist.
Unknown command.
You closely miss something. Something hits you.
You miss something. Your headbutt misses something. Something hits you.
You miss something. Something hits you!
You closely miss something. Your headbutt misses something. Something hits you!
* * * LOW HITPOINT WARNING * * *
You miss something. Your headbutt misses something.
You hear some strange, mumbled words.
You are confused.
You feel better. Something hits you!
* * * LOW HITPOINT WARNING * * *
You hit something. You headbutt something! Something hits you!
You die...

#############
#<.#..)..#@.+
#..)..#..'{.#
#..#####'####
#..# #..#
#..# ####
#..# #⌠⌠#
####


There were no monsters in sight!

Vanquished Creatures
  An ogre (D)
  Ijyb (D)
2 creatures vanquished.

Notes
Turn   | Place    | Note
-------+----------+-------------------------------------------
     0 | D        | Zeld the Minotaur Berserker began the quest for the Orb.
     0 | D        | Reached XP level 1. HP: 19/19 MP: 0/0
     1 | D        | Noticed Ijyb
     4 | D        | Killed Ijyb
     5 | D        | Reached skill level 5 in Axes
     5 | D        | Reached XP level 2. HP: 28/28 MP: 1/1
    33 | D        | Noticed an ogre
    38 | D        | Killed an ogre
    39 | D        | Reached skill level 7 in Axes
    39 | D        | Reached skill level 5 in Armour
    39 | D        | Reached XP level 3. HP: 18/37 MP: 2/2
    39 | D        | Reached XP level 4. HP: 21/44 MP: 3/3
   337 | D        | Noticed Sigmund
   367 | D        | Slain by Sigmund

Illustrated notes

Levels and vault maps discovered:
D:        dungeon_sprint_1 [red_sonja_temple_1, red_sonja_temple_small_1]

Skill      XL: |  1  2 |
---------------+-------+-----
Fighting       | 4 6 |  6.1
Axes           | 5 7 |  7.9
Armour         | 3 5 |  5.4
Dodging        | 3 4 |  4.9

Action                   |  1- 3 |  4- 6 || total
-------------------------+-------+-------++-------
Melee: Hand axe          |     6 |    13 ||    19
       Headbutt          |     3 |     1 ||     4
       Punch             |       |     1 ||     1
Invok: Berserk           |     1 |     1 ||     2
  Use: Potion            |       |     2 ||     2
Armor: Animal skin       |       |     2 ||     2
Dodge: Dodged            |     2 |     7 ||     9
